 Dungeon Crawl Stone Soup version 0.23.2-40-g277498a001 (webtiles) character file.

Game seed: 5620341920007379509

2212 Frank2 the Cleaver (level 8, -4/66 HPs)
             Began as a Demigod Gladiator on Aug 30, 2019.
             Slain by a yak (15 damage)
             ... on level 6 of the Dungeon.
             The game lasted 00:08:04 (6004 turns).

Frank2 the Cleaver (Demigod Gladiator)              Turns: 6004, Time: 00:08:04

Health: -4/66      AC:  6    Str: 17    XL:     8   Next: 89%
Magic:  14/14      EV: 15    Int: 12    God:
Gold:   266        SH:  0    Dex: 21    Spells: 7/7 levels left

rFire    + . .     SeeInvis .   a - +0 war axe
rCold    + . .     Gourm    .   (no shield)
rNeg     . . .     Faith    .   n - +0 leather armour {rF+}
rPois    .         Spirit   .   c - +0 helmet
rElec    .         Reflect  .   (no cloak)
rCorr    +         Harm     .   j - +0 pair of gloves
MR       .....                  l - +0 pair of boots
Stlth    ++........             (no amulet)
HPRegen  0.21/turn              h - ring of protection from cold
MPRegen  0.14/turn              p - ring of resist corrosion

@: studying Short Blades
A: high mp 1
a: no special abilities


You were on level 6 of the Dungeon.
You were not hungry.

You visited 1 branch of the dungeon, and saw 8 of its levels.

You collected 266 gold pieces.

Inventory:

Hand Weapons
 a - a +0 war axe (weapon)
Armour
 c - a +0 helmet (worn)
 j - a +0 pair of gloves (worn)
 l - a +0 pair of boots (worn)
 n - a +0 leather armour of fire resistance (worn)
 o - a +0 ring mail
Jewellery
 h - a ring of protection from cold (left hand)
 p - a ring of resist corrosion (right hand)
Wands
 s - a wand of paralysis (2)
Scrolls
 b - 2 scrolls of teleportation
 r - a scroll of blinking
 u - a scroll of identify
 w - 3 scrolls of remove curse
 x - a scroll of enchant armour {unknown}
Potions
 d - a potion of lignification
 e - 2 potions of mutation
 g - 3 potions of heal wounds
 i - 2 potions of berserk rage {unknown}
 m - a potion of cancellation {unknown}
 q - 3 potions of curing
 t - a potion of agility {unknown}
 v - a potion of ambrosia {unknown}
Books
 k - a manual of Short Blades
Comestibles
 f - 16 rations
 z - 2 chunks of flesh


   Skills:
 + Level 4.2 Fighting
 + Level 8.1 Axes
 - Level 1.7 Throwing
 + Level 3.6 Armour
 + Level 4.7 Dodging
 * Level 4.1 Evocations


You had 7 spell levels left.
You didn't know any spells.
Your spell library contained the following spells:

 Spells                   Type           Power        Failure   Level  Hunger
 Flame Tongue             Conj/Fire      #....        36%         1    ##.....
 Throw Flame              Conj/Fire      #.....       52%         2    ###....
 Conjure Flame            Conj/Fire      #.......     75%         3    ####...
 Inner Flame              Hex/Fire       #.......     75%         3    ####...
 Sticky Flame             Conj/Fire      #.......     98%         4    #####..
 Fireball                 Conj/Fire      #.........   100%        5    ######.


Dungeon Overview and Level Annotations

Branches:
Dungeon (8/15)             Temple (0/1) D:7
   Lair: D:8-11

Annotations:
D:7 Harold, Menkaure


Innate Abilities, Weirdness & Mutations

You have an increased reservoir of magic. (+10% MP)


Message History

You barely miss the yak.
The yak is moderately wounded.
The yak gores you.
You hit the yak but do no damage.
The yak is moderately wounded.
The yak gores you but does no damage.
You hit the yak.
The yak is heavily wounded.
The yak barely misses you.
You hit the yak.
The yak is severely wounded.
The yak gores you! x2
* * * LOW HITPOINT WARNING * * *
You slash the yak!
The yak is almost dead.
The yak gores you but does no damage.
You hit the yak but do no damage.
The yak is almost dead.
The yak gores you!
You die...

###########
#.......รท.#
#.######... #.#
#>... ..)######
#.# ##...
Y...Y..Y# #.# ##.#
#Y# #.# ### #@#
#.######### #.#
#.......... #.#
#..#######. #.#
#..# ###.
#.######..#####...
#...............#.
#########.#.#.....
#.#.#.###. #.#.#.#
#.


You could see 2 yaks.

Vanquished Creatures
  Pikel (D:4)
  Sigmund (D:4)
  A yak (D:6)
  A black bear (D:6)
  2 ice beasts
  An ogre (D:6)
  A centaur (D:6)
  A big kobold (D:8)
  6 bullfrogs
  A scorpion (D:4)
  2 crimson imps (D:6)
  A centaur zombie (D:6)
  An orc priest (D:5)
  An orc wizard (D:6)
  Jessica (D:2)
  5 worker ants
  A worker ant zombie (D:6)
  8 adders
  4 gnolls
  An adder zombie (D:5)
  An adder skeleton (D:4)
  2 worms (D:2)
  A dart slug (D:1)
  2 leopard geckos
  7 orcs
  2 ball pythons
  2 bats
  8 giant cockroaches
  5 goblins
  12 hobgoblins
  3 jackals (D:1)
  2 quokkas
  3 frilled lizards
  11 kobolds
  A quokka skeleton (D:4)
  13 rats
116 creatures vanquished.

Vanquished Creatures (others)
  A giant cockroach (D:4)
  2 quokkas (D:4)
3 creatures vanquished.

Grand Total: 119 creatures vanquished

Notes
Turn   | Place    | Note
-------+----------+-------------------------------------------
     0 | D:1      | Frank2 the Demigod Gladiator began the quest for the Orb.
     0 | D:1      | Reached XP level 1. HP: 17/17 MP: 3/3
   271 | D:1      | Reached skill level 3 in Axes
   271 | D:1      | Reached XP level 2. HP: 20/24 MP: 4/4
   367 | D:1      | Reached XP level 3. HP: 12/29 MP: 5/5
   829 | D:2      | Found an ornate altar of the Wu Jian Council.
  1243 | D:2      | Reached XP level 4. HP: 23/37 MP: 6/6
  1355 | D:2      | Reached skill level 1 in Armour
  1609 | D:2      | Noticed Jessica
  1612 | D:2      | Killed Jessica
  1612 | D:2      | Reached skill level 4 in Axes
  1925 | D:3      | Reached XP level 5. HP: 40/42 MP: 7/7
  2202 | D:3      | Found an opulent altar of Gozag.
  2437 | D:3      | Paralysed by an orc for 3 turns
  2794 | D:3      | Found an iron altar of Okawaru.
  3244 | D:4      | Noticed Pikel
  3245 | D:4      | Noticed a slave
  3245 | D:4      | Noticed a slave
  3245 | D:4      | Noticed a slave
  3246 | D:4      | Noticed a slave
  3277 | D:4      | Killed Pikel
  3277 | D:4      | Reached skill level 6 in Axes
  3277 | D:4      | Reached XP level 6. HP: 11/51 MP: 8/10
  3277 | D:4      | Reached XP level 7. HP: 12/57 MP: 8/11
  3571 | D:4      | Noticed Sigmund
  3581 | D:4      | Killed Sigmund
  3778 | D:5      | Entered Level 5 of the Dungeon
  3938 | D:5      | You fall through a shaft for 3 floors!
  3956 | D:8      | Reached XP level 8. HP: 51/63 MP: 13/13
  3977 | D:7      | Noticed Menkaure
  3983 | D:7      | Found a staircase to the Ecumenical Temple.
  4012 | D:7      | Noticed Harold
  4025 | D:6      | Reached skill level 7 in Axes
  5221 | D:5      | Found a bloodstained altar of Trog.
  5876 | D:6      | Found a hide-covered altar of Uskayaw.
  5987 | D:6      | Reached skill level 8 in Axes
  6004 | D:6      | Slain by a yak

Skill      XL: |  1  2  3  4  5  6  7  8 |
---------------+-------------------------+-----
Dodging        | 3 4 |  4.7
Axes           | 3 4 6 8 |  8.1
Fighting       | 2 3 4 |  4.2
Armour         | 1 2 3 |  3.6
Evocations     | 2 3 4 |  4.1
Throwing       | |  1.7

Action                   |  1- 3 |  4- 6 |  7- 9 || total
-------------------------+-------+-------+-------++-------
Melee: War axe           |    80 |   141 |   221 ||   442
Throw: Throwing net      |     1 |     2 |     1 ||     4
Evoke: Wand              |       |       |     5 ||     5
  Use: Scroll            |     2 |     4 |     4 ||    10
       Potion            |       |     1 |     1 ||     2
 Stab: Sleeping          |     1 |     1 |     2 ||     4
       Held in net/web   |       |     4 |     2 ||     6
       Paralysed         |       |       |    11 ||    11
  Eat: Chunk             |     1 |     6 |     3 ||    10
       Ration            |       |       |     2 ||     2
Armor: Leather armour    |    29 |    40 |    56 ||   125
Dodge: Dodged            |    51 |   112 |   175 ||   338
